| TOP OF THE 1ST |
|
Tri-City ValleyCats batting - Pitching for Minnesota (NYP) Twins : LHP Josh Armstrong
|
|
Pitching: LHP Josh Armstrong
|
|
|
Batting: RHB Evan Fry
|
0-0: Ball 1-0: Called Strike 1-1: Foul Ball, location: 2F 1-2: Foul Ball, location: 2F 1-2: Ball 2-2: Ball 3-2: Base on Balls
|
|
Batting: SHB Salvador Gomez
|
0-0: Called Strike 0-1: Ball 1-1: Ball 2-1: Fly out, F6 (Flyball, 6MD, EV 80.0 MPH)
|
|
Batting: SHB Chris Keziah
|
0-0: Ball 1-0: Ball 2-0: Called Strike 2-1: Foul Ball, location: 2F 2-2: Strikes out looking Evan Fry steals 2nd base Batter strikes out.
|
|
Batting: RHB Dan Kurtz
|
0-0: Ball 1-0: Ball 2-0: Called Strike 2-1: Ground out 5-3 (Groundball, 56, EV 88.1 MPH)
|
| Top of the 1st over - 0 runs, 0 hits, 0 errors, 1 left on base; Tri-City 0 - Minnesota (NYP) 0 |
| BOTTOM OF THE 1ST |
|
Minnesota (NYP) Twins batting - Pitching for Tri-City ValleyCats : RHP Arsène Serre
|
|
Pitching: RHP Arsène Serre
|
|
|
Batting: LHB Chris Munguia
|
0-0: Called Strike 0-1: Swinging Strike 0-2: Strikes out swinging
|
|
Batting: RHB David Nardone
|
0-0: Ball 1-0: Ground out 6-3 (Groundball, 56, EV 106.9 MPH)
|
|
Batting: RHB Miguel Diaz
|
0-0: Called Strike 0-1: Foul Ball, location: 2F 0-2: Foul Ball, location: 2F 0-2: Ball 1-2: Ball 2-2: SINGLE (Groundball, 6D, EV 101.9 MPH)
|
|
Batting: RHB Jose Nunez
|
0-0: Ball Wild Pitch! Miguel Diaz to second 1-0: Ball 2-0: Ball Wild Pitch! Miguel Diaz to third 3-0: Base on Balls
|
|
Batting: RHB Graham Calvert
|
0-0: Foul Ball, location: 2F 0-1: Ball 1-1: Called Strike 1-2: Ball 2-2: Ground out 5-3 (Groundball, 56D, EV 99.4 MPH)
|
| Bottom of the 1st over - 0 runs, 1 hit, 0 errors, 2 left on base; Tri-City 0 - Minnesota (NYP) 0 |
| TOP OF THE 2ND |
|
Tri-City ValleyCats batting - Pitching for Minnesota (NYP) Twins : LHP Josh Armstrong
|
|
Pitching: RHP Kevin Colgin
|
|
|
Batting: LHB Vinny Siebecker
|
0-0: Foul Ball, location: 2F 0-1: Ground out 4-3 (Groundball, 4, EV 80.0 MPH)
|
|
Batting: RHB Chris Miller
|
0-0: Foul Ball, location: 2LF, Error on foul ball, E2 0-1: Ball 1-1: Ball 2-1: Ball 3-1: Single, Error in OF, E8, batter to second base (Groundball, 4MD, EV 94.4 MPH)
|
|
Batting: RHB Mike Koch
|
0-0: Called Strike 0-1: Ball 1-1: Ball 2-1: Reached on error, E5 (Groundball, 5, EV 83.1 MPH) Chris Miller scores
|
|
Batting: RHB Rob Baker
|
0-0: Ball 1-0: SINGLE (Groundball, 4S, EV 64.4 MPH) (infield hit) Mike Koch to third
|
|
Batting: LHB Jon Pope
|
0-0: Ball 1-0: Ball Rob Baker steals 2nd base 2-0: Ball 3-0: Called Strike 3-1: Swinging Strike 3-2: Foul Ball, location: 2F 3-2: SINGLE (Groundball, 34S, EV 75.0 MPH) (infield hit)
|
|
Pitching: RHP Matt Lundy
|
|
|
Batting: RHB Evan Fry
|
0-0: Ball 1-0: SINGLE (Line Drive, 8LS, EV 94.4 MPH) Mike Koch scores Rob Baker to third Jon Pope to second
|
|
Batting: SHB Salvador Gomez
|
0-0: Ground out 6-3 (Groundball, 4MS, EV 75.0 MPH) Rob Baker scores Jon Pope to third Evan Fry to second
|
|
Batting: SHB Chris Keziah
|
0-0: Ball 1-0: Ball 2-0: Ball 3-0: Base on Balls
|
|
Batting: RHB Dan Kurtz
|
0-0: Ball 1-0: Ball 2-0: Foul Ball, location: 2F 2-1: Fly out, F7 (Flyball, 7D, EV 76.9 MPH)
|
| Top of the 2nd over - 3 runs, 4 hits, 3 errors, 3 left on base; Tri-City 3 - Minnesota (NYP) 0 |
| BOTTOM OF THE 2ND |
|
Minnesota (NYP) Twins batting - Pitching for Tri-City ValleyCats : RHP Arsène Serre
|
|
Batting: LHB Seung-jun Chang
|
0-0: Called Strike 0-1: Called Strike 0-2: Foul Ball, location: 2F 0-2: Strikes out swinging
|
|
Batting: RHB Gustavo Pacheco
|
0-0: Ball 1-0: Ground out 2-3 (Groundball, 15S, EV 61.3 MPH)
|
|
Batting: SHB Donell Burney
|
0-0: Called Strike 0-1: Ball 1-1: Ball 2-1: Ball 3-1: Foul Ball, location: 2F 3-2: Base on Balls
|
|
Batting: RHB Ruben Torres
|
0-0: Ball 1-0: Ball 2-0: Called Strike 2-1: Called Strike Donell Burney is caught stealing 2nd base 2-4
|
| Bottom of the 2nd over - 0 runs, 0 hits, 0 errors, 0 left on base; Tri-City 3 - Minnesota (NYP) 0 |
| TOP OF THE 3RD |
|
Tri-City ValleyCats batting - Pitching for Minnesota (NYP) Twins : RHP Matt Lundy
|
|
Batting: LHB Vinny Siebecker
|
0-0: Ball 1-0: Called Strike 1-1: Swinging Strike 1-2: Ball 2-2: Ball 3-2: Base on Balls
|
|
Batting: RHB Chris Miller
|
0-0: Ball 1-0: Called Strike 1-1: Ball 2-1: Called Strike Vinny Siebecker steals 2nd base 2-2: Ball 3-2: Base on Balls
|
|
Batting: RHB Mike Koch
|
0-0: Ball 1-0: Ball 2-0: Ball Passed Ball! Vinny Siebecker to third Chris Miller to second 3-0: Foul Ball, location: 2F 3-1: DOUBLE (Line Drive, 8RXD, EV 108.8 MPH) Vinny Siebecker scores Chris Miller scores
|
|
Batting: RHB Rob Baker
|
0-0: SINGLE (Flyball, 78S, EV 100.6 MPH) Mike Koch to third Runner from 3rd tries for Home, throw by CF and OUT! 8-2
|
|
Batting: LHB Jon Pope
|
0-0: Ball Rob Baker steals 2nd base 1-0: SINGLE (Groundball, 23, EV 66.9 MPH) (infield hit) Rob Baker to third
|
|
Batting: RHB Evan Fry
|
0-0: Called Strike 0-1: Ball 1-1: Ball 2-1: Grounds into double play, 4-6-3 (Groundball, 4MS, EV 85.6 MPH)
|
| Top of the 3rd over - 2 runs, 3 hits, 0 errors, 1 left on base; Tri-City 5 - Minnesota (NYP) 0 |
| BOTTOM OF THE 3RD |
|
Minnesota (NYP) Twins batting - Pitching for Tri-City ValleyCats : RHP Arsène Serre
|
|
Batting: RHB Ruben Torres
|
0-0: Ball 1-0: Ball 2-0: Fly out, F7 (Flyball, 7D, EV 101.3 MPH)
|
|
Batting: LHB Chris Munguia
|
0-0: Called Strike 0-1: Called Strike 0-2: Ball 1-2: Foul Ball, location: 2F 1-2: Foul Ball, location: 2F 1-2: Ball 2-2: Ground out U3 (Groundball, 34, EV 105.0 MPH)
|
|
Batting: RHB David Nardone
|
0-0: Called Strike 0-1: Swinging Strike 0-2: Strikes out swinging
|
| Bottom of the 3rd over - 0 runs, 0 hits, 0 errors, 0 left on base; Tri-City 5 - Minnesota (NYP) 0 |
| TOP OF THE 4TH |
|
Tri-City ValleyCats batting - Pitching for Minnesota (NYP) Twins : RHP Matt Lundy
|
|
Batting: SHB Salvador Gomez
|
0-0: Ground out 5-3 (Groundball, 5, EV 110.0 MPH)
|
|
Batting: SHB Chris Keziah
|
0-0: Foul Ball, location: 2F 0-1: Ground out 6-3 (Groundball, 4M, EV 88.8 MPH)
|
|
Batting: RHB Dan Kurtz
|
0-0: Ball 1-0: Fly out, F7 (Flyball, 78D, EV 100.0 MPH)
|
| Top of the 4th over - 0 runs, 0 hits, 0 errors, 0 left on base; Tri-City 5 - Minnesota (NYP) 0 |
| BOTTOM OF THE 4TH |
|
Minnesota (NYP) Twins batting - Pitching for Tri-City ValleyCats : RHP Arsène Serre
|
|
Batting: RHB Miguel Diaz
|
0-0: Called Strike 0-1: Ball 1-1: Foul Ball, location: 2F 1-2: Foul Ball, location: 2F 1-2: Foul Ball, location: 2F 1-2: Foul Ball, location: 2F 1-2: Strikes out swinging
|
|
Batting: RHB Jose Nunez
|
0-0: Ball 1-0: Ball 2-0: Ball 3-0: Called Strike 3-1: Called Strike 3-2: Foul Ball, location: 2F 3-2: Fly out, F8 (Flyball, 8LM, EV 78.1 MPH)
|
|
Batting: RHB Graham Calvert
|
0-0: Ball 1-0: Called Strike 1-1: SINGLE (Groundball, 6MD, EV 95.0 MPH)
|
|
Batting: LHB Seung-jun Chang
|
0-0: Swinging Strike 0-1: Foul Ball, location: 2F 0-2: Ball 1-2: Foul Ball, location: 2F 1-2: Strikes out swinging
|
| Bottom of the 4th over - 0 runs, 1 hit, 0 errors, 1 left on base; Tri-City 5 - Minnesota (NYP) 0 |
| TOP OF THE 5TH |
|
Tri-City ValleyCats batting - Pitching for Minnesota (NYP) Twins : RHP Matt Lundy
|
|
Batting: LHB Vinny Siebecker
|
0-0: Called Strike 0-1: Ball 1-1: Called Strike 1-2: DOUBLE (Groundball, 3L, EV 103.1 MPH)
|
|
Batting: RHB Chris Miller
|
0-0: Ball 1-0: Foul Ball, location: 2F 1-1: Ball 2-1: Ball 3-1: Base on Balls
|
|
Batting: RHB Mike Koch
|
0-0: Swinging Strike 0-1: Swinging Strike 0-2: Ball 1-2: Ball 2-2: DOUBLE (Groundball, 5L, EV 107.5 MPH) Vinny Siebecker scores Chris Miller to third
|
|
Batting: RHB Rob Baker
|
0-0: Reached on error, E6 (Groundball, 6, EV 91.3 MPH) Chris Miller scores Mike Koch scores
|
|
Batting: LHB Jon Pope
|
0-0: Ball 1-0: Ball 2-0: Foul Ball, location: 2F 2-1: Called Strike 2-2: Foul Ball, location: 2F 2-2: Foul Ball, location: 2F 2-2: Foul Ball, location: 2F 2-2: Ball Wild Pitch! Rob Baker to third 3-2: Foul Ball, location: 2F 3-2: Base on Balls
|
|
Pitching: RHP Chris Starcher
|
|
|
Batting: RHB Evan Fry
|
0-0: Called Strike 0-1: Ball 1-1: Fly out, F6 (Line Drive, 6, EV 72.5 MPH)
|
|
Batting: SHB Salvador Gomez
|
0-0: SINGLE (Line Drive, 4D, EV 109.4 MPH) Rob Baker scores Jon Pope to second
|
|
Batting: SHB Chris Keziah
|
0-0: Ball 1-0: 3-RUN HOME RUN (Flyball, 89XD, EV 113.8 MPH), Distance : 436 ft
|
|
Batting: RHB Dan Kurtz
|
0-0: Called Strike 0-1: Foul Ball, location: 2F 0-2: Ball 1-2: Foul Ball, location: 2F 1-2: Foul Ball, location: 2F 1-2: Ball 2-2: Strikes out looking
|
|
Batting: LHB Vinny Siebecker
|
0-0: Ground out 4-3 (Groundball, 34D, EV 89.4 MPH)
|
| Top of the 5th over - 7 runs, 4 hits, 1 error, 0 left on base; Tri-City 12 - Minnesota (NYP) 0 |
| BOTTOM OF THE 5TH |
|
Minnesota (NYP) Twins batting - Pitching for Tri-City ValleyCats : RHP Arsène Serre
|
|
Batting: RHB Gustavo Pacheco
|
0-0: Fly out, F4 (Line Drive, 4, EV 66.3 MPH)
|
|
Batting: SHB Donell Burney
|
0-0: Ground out U3 (Groundball, 34, EV 91.3 MPH)
|
|
Batting: RHB Ruben Torres
|
0-0: Ball 1-0: Called Strike 1-1: Foul Ball, location: 2F 1-2: Foul Ball, location: 2F 1-2: Strikes out swinging
|
| Bottom of the 5th over - 0 runs, 0 hits, 0 errors, 0 left on base; Tri-City 12 - Minnesota (NYP) 0 |
| TOP OF THE 6TH |
|
Tri-City ValleyCats batting - Pitching for Minnesota (NYP) Twins : RHP Chris Starcher
|
|
Batting: RHB Chris Miller
|
0-0: Ball 1-0: Ball 2-0: Called Strike 2-1: Ball 3-1: Foul Ball, location: 2F 3-2: Foul Ball, location: 2F 3-2: Foul Ball, location: 2F 3-2: Base on Balls
|
|
Batting: RHB Mike Koch
|
0-0: Ball 1-0: Ball 2-0: Called Strike 2-1: Called Strike 2-2: Ball 3-2: Base on Balls Chris Miller to second
|
|
Batting: RHB Rob Baker
|
0-0: Foul Ball, location: 2F 0-1: Swinging Strike Passed Ball! Chris Miller to third Mike Koch to second 0-2: SINGLE (Flyball, 8RS, EV 96.3 MPH) Chris Miller scores Mike Koch to third
|
|
Batting: LHB Jon Pope
|
0-0: Called Strike 0-1: Ball 1-1: Ball Wild Pitch! Mike Koch scores Rob Baker to second 2-1: SINGLE (Groundball, P, EV 86.9 MPH) (infield hit) Rob Baker to third
|
|
Batting: RHB Evan Fry
|
0-0: Called Strike 0-1: Ball 1-1: Ball 2-1: Called Strike 2-2: Strikes out swinging
|
|
Batting: SHB Salvador Gomez
|
0-0: Called Strike 0-1: Ball 1-1: Ball 2-1: Ball 3-1: Base on Balls Jon Pope to second
|
|
Pitching: RHP Ben Leiby
|
|
|
Batting: SHB Chris Keziah
|
0-0: Ball Balk! Rob Baker scores Jon Pope to third Salvador Gomez to second 1-0: Called Strike 1-1: Called Strike 1-2: Strikes out swinging
|
|
Batting: RHB Dan Kurtz
|
0-0: Called Strike 0-1: Ball 1-1: Ball 2-1: Called Strike 2-2: Foul Ball, location: 2F 2-2: Foul Ball, location: 2F 2-2: Foul Ball, location: 2F 2-2: Foul Ball, location: 2F 2-2: Ball 3-2: Base on Balls
|
|
Batting: LHB Vinny Siebecker
|
0-0: Fly out, F8 (Flyball, 89XD, EV 96.3 MPH)
|
| Top of the 6th over - 3 runs, 2 hits, 0 errors, 3 left on base; Tri-City 15 - Minnesota (NYP) 0 |
| BOTTOM OF THE 6TH |
|
Minnesota (NYP) Twins batting - Pitching for Tri-City ValleyCats : RHP Arsène Serre
|
|
Batting: LHB Chris Munguia
|
0-0: Ball 1-0: Foul Ball, location: 2F 1-1: Ball 2-1: Ball 3-1: Base on Balls
|
|
Batting: RHB David Nardone
|
0-0: Called Strike 0-1: Called Strike 0-2: Ball 1-2: Foul Ball, location: 2F 1-2: Ball Chris Munguia steals 2nd base (no throw) 2-2: SINGLE (Line Drive, 89S, EV 88.8 MPH) Chris Munguia to third Runner from 3rd tries for Home, throw by RF and OUT! 9-2
|
|
Batting: RHB Miguel Diaz
|
0-0: Called Strike 0-1: Ball 1-1: SINGLE (Groundball, 56D, EV 101.9 MPH) David Nardone to second
|
|
Batting: RHB Jose Nunez
|
0-0: Ball David Nardone steals 3rd base Miguel Diaz to second 1-0: Swinging Strike 1-1: Foul Ball, location: 2F 1-2: Ball 2-2: Fly out, F7 (Flyball, 7, EV 81.9 MPH) Runner from 3rd tags up, OUT at HOME! 7-2
|
| Bottom of the 6th over - 0 runs, 2 hits, 0 errors, 1 left on base; Tri-City 15 - Minnesota (NYP) 0 |
| TOP OF THE 7TH |
|
Tri-City ValleyCats batting - Pitching for Minnesota (NYP) Twins : RHP Ben Leiby
|
|
Batting: RHB Chris Miller
|
0-0: Called Strike 0-1: Ground out 6-3 (Groundball, 6, EV 97.5 MPH)
|
|
Batting: RHB Mike Koch
|
0-0: Called Strike 0-1: Foul Ball, location: 2F 0-2: Foul Ball, location: 2F 0-2: Ball 1-2: Strikes out swinging passed ball, reaches first!
|
|
Batting: RHB Rob Baker
|
0-0: Called Strike 0-1: Called Strike Balk! Mike Koch to second 0-2: Ball 1-2: Ball 2-2: Ball 3-2: Foul Ball, location: 2F 3-2: Base on Balls
|
|
Batting: LHB Jon Pope
|
Balk! Mike Koch to third Rob Baker to second 0-0: Swinging Strike 0-1: Swinging Strike 0-2: Ball Balk! Mike Koch scores Rob Baker to third 1-2: Ball 2-2: Ball 3-2: Foul Ball, location: 2F 3-2: Fly out, F4 (Flyball, 4D, EV 86.9 MPH)
|
|
Batting: RHB Evan Fry
|
0-0: Ball 1-0: Ball 2-0: Ball 3-0: Called Strike 3-1: Base on Balls
|
|
Batting: SHB Salvador Gomez
|
0-0: Ball 1-0: Swinging Strike 1-1: Ball 2-1: Foul Ball, location: 2F 2-2: DOUBLE (Groundball, 3L, EV 93.8 MPH) Rob Baker scores Evan Fry to third Runner from 3rd tries for Home, SAFE, no throw by RF
|
|
Pitching: RHP Alex Loaiza
|
|
|
Batting: SHB Chris Keziah
|
0-0: Ball Wild Pitch! Salvador Gomez to third 1-0: Foul Ball, location: 2F Balk! Salvador Gomez scores 1-1: Ball 2-1: Called Strike 2-2: Ball 3-2: Fly out, F7 (Flyball, 7LD, EV 103.1 MPH)
|
| Top of the 7th over - 4 runs, 1 hit, 0 errors, 0 left on base; Tri-City 19 - Minnesota (NYP) 0 |
| BOTTOM OF THE 7TH |
|
Minnesota (NYP) Twins batting - Pitching for Tri-City ValleyCats : RHP Arsène Serre
|
|
Batting: RHB Graham Calvert
|
0-0: Called Strike 0-1: Ball 1-1: Ball 2-1: DOUBLE (Flyball, 8RXD, EV 106.9 MPH)
|
|
Batting: LHB Seung-jun Chang
|
0-0: TRIPLE (Groundball, 3L, EV 104.4 MPH) Graham Calvert scores
|
|
Pitching: RHP Adam Behrens
|
|
|
Batting: RHB Gustavo Pacheco
|
0-0: Called Strike 0-1: Swinging Strike 0-2: Ball 1-2: Strikes out looking
|
|
Batting: SHB Donell Burney
|
0-0: Ball 1-0: Called Strike 1-1: Ground out 1-3 (Groundball, 13S, EV 65.6 MPH)
|
|
Batting: RHB Ruben Torres
|
0-0: Ball 1-0: Called Strike 1-1: Ball 2-1: Foul Ball, location: 2F 2-2: Foul Ball, location: 2F 2-2: DOUBLE (Line Drive, 89D, EV 107.5 MPH) Seung-jun Chang scores
|
|
Batting: LHB Chris Munguia
|
0-0: Ball 1-0: Called Strike 1-1: Swinging Strike 1-2: Strikes out swinging
|
| Bottom of the 7th over - 2 runs, 3 hits, 0 errors, 1 left on base; Tri-City 19 - Minnesota (NYP) 2 |
| TOP OF THE 8TH |
|
Tri-City ValleyCats batting - Pitching for Minnesota (NYP) Twins : RHP Alex Loaiza
|
|
Batting: RHB Dan Kurtz
|
0-0: Ball 1-0: Ball 2-0: Called Strike 2-1: Swinging Strike 2-2: Foul Ball, location: 2F 2-2: Fly out, F4 (Popup, 4S, EV 76.9 MPH)
|
|
Batting: LHB Vinny Siebecker
|
0-0: Ball 1-0: Called Strike 1-1: Ball 2-1: Ground out 3-1 (Groundball, 34S, EV 84.4 MPH)
|
|
Batting: RHB Chris Miller
|
0-0: Ball 1-0: Fly out, F5 (Popup, 56S, EV 81.3 MPH)
|
| Top of the 8th over - 0 runs, 0 hits, 0 errors, 0 left on base; Tri-City 19 - Minnesota (NYP) 2 |
| BOTTOM OF THE 8TH |
|
Minnesota (NYP) Twins batting - Pitching for Tri-City ValleyCats : RHP Adam Behrens
|
|
Batting: RHB David Nardone
|
0-0: Ground out 5-3 (Groundball, 56S, EV 73.8 MPH)
|
|
Batting: RHB Miguel Diaz
|
0-0: Swinging Strike 0-1: Ball 1-1: Ball 2-1: Foul Ball, location: 2F 2-2: Strikes out swinging
|
|
Batting: RHB Jose Nunez
|
0-0: SOLO HOME RUN (Flyball, 78XD, EV 116.3 MPH), Distance : 447 ft
|
|
Batting: RHB Graham Calvert
|
0-0: Ball 1-0: Called Strike 1-1: Swinging Strike 1-2: Strikes out swinging
|
| Bottom of the 8th over - 1 run, 1 hit, 0 errors, 0 left on base; Tri-City 19 - Minnesota (NYP) 3 |
| TOP OF THE 9TH |
|
Tri-City ValleyCats batting - Pitching for Minnesota (NYP) Twins : RHP Alex Loaiza
|
|
Batting: RHB Mike Koch
|
0-0: Called Strike 0-1: Foul Ball, location: 2F 0-2: Ball 1-2: Ball 2-2: Strikes out swinging
|
|
Batting: RHB Rob Baker
|
0-0: Ball 1-0: Ball 2-0: Ball 3-0: Called Strike 3-1: Base on Balls
|
|
Batting: LHB Jon Pope
|
0-0: Called Strike 0-1: Ball 1-1: Ball 2-1: Ball 3-1: Called Strike Balk! Rob Baker to second 3-2: Ground out 4-3 (Groundball, 4, EV 100.6 MPH) Rob Baker to third
|
|
Batting: RHB Evan Fry
|
0-0: Foul Ball, location: 2F 0-1: Ball 1-1: Ground out 6-3 (Groundball, 6M, EV 93.8 MPH)
|
| Top of the 9th over - 0 runs, 0 hits, 0 errors, 1 left on base; Tri-City 19 - Minnesota (NYP) 3 |
| BOTTOM OF THE 9TH |
|
Minnesota (NYP) Twins batting - Pitching for Tri-City ValleyCats : RHP Adam Behrens
|
|
Batting: LHB Seung-jun Chang
|
0-0: Ball 1-0: Ball 2-0: Ball 3-0: Called Strike 3-1: Base on Balls
|
|
Pitching: RHP San-pao Kao
|
|
|
Batting: RHB Gustavo Pacheco
|
0-0: Ball 1-0: Ball 2-0: Foul Ball, location: 2F 2-1: Fly out, F7 (Flyball, 7LM, EV 78.1 MPH)
|
|
Pinch Hitting: RHB Michael McDonald
|
0-0: Ball Passed Ball! Seung-jun Chang to second 1-0: Ball 2-0: Called Strike 2-1: Called Strike 2-2: Ball 3-2: Fly out, F7 (Flyball, 7D, EV 101.9 MPH) Runner from 2nd tags up, SAFE at 3rd, no throw by LF
|
|
Batting: RHB Ruben Torres
|
0-0: Called Strike 0-1: Ball 1-1: Called Strike 1-2: Ground out 1-3 (Groundball, 15S, EV 64.4 MPH)
|
| Bottom of the 9th over - 0 runs, 0 hits, 0 errors, 1 left on base; Tri-City 19 - Minnesota (NYP) 3 |
|